 Dungeon Crawl Stone Soup version 0.27.0-1-g7a089689b8 (webtiles) character file.

Game seed: 17421229994960730672

6 sanka the Vexing (level 1, 0/20 HPs)
             Began as an Ogre Enchanter on Aug 13, 2021.
             Was a Follower of Jiyva.
             Slain by a goblin (1 damage)
             ... on level 1 of the Dungeon.
             The game lasted 00:00:34 (186 turns).

sanka the Vexing (Ogre Enchanter)                    Turns: 186, Time: 00:00:35

Health: 0/20       AC:  3    Str: 11    XL:     1   Next: 90%
Magic:  3/3        EV:  9    Int: 16    God:    Jiyva [*.....]
Gold:   0          SH:  0    Dex:  9    Spells: 3/4 levels left

rFire    . . .     SeeInvis .   a - +1 dagger
rCold    . . .     Faith    .   (no shield)
rNeg     . . .     Spirit   .   b - +0 robe
rPois    .         Reflect  .   (helmet restricted)
rElec    .         Harm     .   (no cloak)
rCorr    .         Rampage  .   (gloves unavailable)
Will     .....                  (boots unavailable)
Stlth    ++........             (no amulet)
HPRegen  0.06/turn              (no ring)
MPRegen  0.08/turn              (no ring)

@: no status effects
A: large, unfitting armour, tough skin 1
a: Renounce Religion, Request Jelly


You were on level 1 of the Dungeon.
You worshipped Jiyva.
Jiyva was aware of your devotion.
You visited 1 branch of the dungeon, and saw 1 of its levels.


Innate Abilities, Weirdness & Mutations

You are too large for most types of armour.
You have tough skin. (AC +1)


   Skills:
 + Level 2.0 Fighting
 - Level 0.8 Short Blades
 - Level 1.7 Dodging
 - Level 2.1 Stealth
 - Level 2.4 Spellcasting
 - Level 2.6 Hexes


You had 3 spell levels left.
You knew the following spells:

 Your Spells              Type           Power      Damage    Failure   Level
Z - Corona                Hex            11%        N/A       7%          1

Your spell library contained the following spells:

 Spells                   Type           Power      Damage    Failure   Level
 Ensorcelled Hibernation  Hex/Ice        12%        N/A       17%         2
 Confusing Touch          Hex            10%        N/A       21%         3
 Tukima's Dance           Hex            10%        N/A       21%         3
 Dazzling Flash           Conj/Hex       12%        N/A       34%         3
 Olgreb's Toxic Radiance  Pois           1%         N/A       89%         4
 Ozocubu's Refrigeration  Ice            0%         4d5       100%        7
 Ignition                 Fire           0%         3d3       100%        8

Inventory:

Hand Weapons
 a - a +1 dagger (weapon)
Armour
 b - a +0 robe (worn)
Scrolls
 c - a scroll of enchant armour {unknown}

Dungeon Overview and Level Annotations

Branches:
Dungeon (1/15)

Altars:
Jiyva

▒▒▒..............
▒.................
......▒▒........▒..
▒....▒ ▒...........
...▒.▒▒▒.†.........
...................
..▒▒▒▒.............
▒▒▒...........
▒▒.†O.......
▒▒.g...▒...
.........▒
▒▒▒.▒.......
▒.▒▒▒..... .!▒
▒▒... w▒▒ ... ▒. ..


You could see a dart slug and a goblin.


Message History

You hit the hobgoblin but do no damage.
The hobgoblin is heavily wounded.
The bat barely misses you. The hobgoblin barely misses you.
You closely miss the hobgoblin.
The hobgoblin is heavily wounded.
The bat barely misses you. The hobgoblin closely misses you.
You barely miss the hobgoblin.
The hobgoblin is heavily wounded.
The bat barely misses you. The hobgoblin barely misses you.
You hit the hobgoblin.
You kill the hobgoblin!
The bat hits you but does no damage. The goblin closely misses you.
A dart slug comes into view.
Your Fighting skill increases to level 2!
You closely miss the goblin. The goblin hits you with a +0 club.
* * * LOW HITPOINT WARNING * * *
The bat hits you but does no damage.
You miss the bat. The bat hits you.
* * * LOW HITPOINT WARNING * * *
The goblin hits you but does no damage.
You hit the bat.
You kill the bat!
The goblin hits you with a +0 club.
You die...

Action                   || total
-------------------------++-------
Melee: Dagger            ||    26
Armor: Robe              ||    33
Dodge: Dodged            ||    17

Levels and vault maps discovered:
D:1:      dpeg_arrival_fog, layout_rooms, shapermc_ecumenical_altar_ellora,
          minmay_gold_behind_fungi

Notes
Turn   | Place    | Note
-------+----------+-------------------------------------------
     0 | D:1      | sanka the Ogre Enchanter began the quest for the Orb.
     0 | D:1      | Reached XP level 1. HP: 16/16 MP: 3/3
    14 | D:1      | Found a faded altar of an unknown god.
    31 | D:1      | Became a worshipper of Jiyva Jumatyhe the Shapeless
    31 | D:1      | Reached * piety under Jiyva
   102 | D:1      | Reached skill level 1 in Fighting
   184 | D:1      | Reached skill level 2 in Fighting
   184 | D:1      | HP: 2/20 [goblin (1)]
   186 | D:1      | Slain by a goblin

Vanquished Creatures
  4 bats (D:1)
  A hobgoblin (D:1)
  A kobold (D:1)
  A rat (D:1)
7 creatures vanquished.

Vanquished Creatures (others)
  A bat (D:1)
  A frilled lizard (D:1)
  8 fungi (D:1)
  A plant (D:1)
  2 toadstools (D:1)
13 creatures vanquished.

Grand Total: 20 creatures vanquished
